 Dungeon Crawl Stone Soup version 0.19.4 (webtiles) character file.

3353 Naow the Thaumaturge (level 9, -11/45 HPs)
             Began as a Deep Elf Fire Elementalist on Feb 4, 2017.
             Was an Initiate of Vehumet.
             Mangled by a hog (12 damage)
             ... on level 7 of the Dungeon.
             The game lasted 00:22:41 (10097 turns).

Naow the Thaumaturge (Deep Elf Fire Elementalist)  Turns: 10097, Time: 00:22:42

Health: -11/45     AC:  4    Str:  5    XL:     9   Next: 73%
Magic:  3/25       EV: 13    Int: 24    God:    Vehumet [......]
Gold:   189        SH:  0    Dex: 15    Spells: 8 memorised, 9 levels left

rFire  . . .     SeeInvis +     D - +0 short sword
rCold  . . .     Gourm    .     a - +0 robe
rNeg   . . .     Faith    .     (no shield)
rPois  +         Spirit   .     (no helmet)
rElec  .         Reflect  .     J - +0 cloak {rPois}
rCorr  .         Harm     .     F - +0 pair of gloves
MR     .....                    (no boots)
Stlth  +.........               G - amulet of regeneration
                                l - ring of loudness (curse)
                                o - ring of see invisible

@: no status effects
A: no striking features
a: Renounce Religion


You were on level 7 of the Dungeon.
You worshipped Vehumet.
Vehumet was noncommittal.
You were not hungry.

You visited 2 branches of the dungeon, and saw 8 of its levels.
You also visited: Sewer.

You collected 472 gold pieces.
You spent 283 gold pieces at shops.

Inventory:

Hand Weapons
 D - a +0 short sword (weapon)
Armour
 a - a +0 robe (worn)
 F - a +0 pair of gloves (worn)
 J - a +0 cloak of poison resistance (worn)
Jewellery
 l - a cursed ring of loudness (right hand)
 o - a ring of see invisible (left hand)
 q - an uncursed amulet of the gourmand
 z - the ring of Patt {rC- Int+5 Dex+5}
   (You found it on level 4 of the Dungeon)

   [ring of intelligence]

   It affects your intelligence (+5).
   It affects your dexterity (+5).
   It makes you vulnerable to cold.
 A - an uncursed ring of poison resistance
 G - an amulet of regeneration (around neck)
 L - a +4 ring of dexterity
 Q - an uncursed amulet of harm {unknown}
Wands
 e - a wand of flame (36/48)
 O - a wand of teleportation (5/9)
Scrolls
 d - 2 scrolls of blinking {unknown}
 f - 4 scrolls of identify {unknown}
 h - a scroll of enchant armour {unknown}
 m - 3 scrolls of random uselessness {unknown}
 n - 6 scrolls of teleportation
 r - 5 scrolls of enchant weapon {unknown}
 s - 2 scrolls of magic mapping {unknown}
 t - 2 scrolls of remove curse {unknown}
 w - 5 scrolls of immolation {unknown}
 y - a scroll of amnesia {unknown}
 B - a scroll of fear {unknown}
 H - a scroll of recharging {unknown}
Potions
 g - a potion of curing
 k - 4 potions of degeneration
 u - 4 potions of flight
 v - a potion of beneficial mutation {unknown}
 x - a potion of brilliance {unknown}
 E - a potion of lignification {unknown}
 I - a potion of might
 M - a potion of berserk rage {unknown}
 N - a potion of heal wounds
Books
 b - a book of Flames

   Spells                             Type                      Level
   a - Flame Tongue                   Conjuration/Fire             1
   b - Throw Flame                    Conjuration/Fire             2
   c - Conjure Flame                  Conjuration/Fire             3
   d - Inner Flame                    Hexes/Fire                   3
   e - Sticky Flame                   Conjuration/Fire             4
   f - Fireball                       Conjuration/Fire             5
 C - a book of Minor Magic

   Spells                             Type                      Level
   a - Magic Dart                     Conjuration                  1
   b - Blink                          Translocation                2
   c - Call Imp                       Summoning                    2
   d - Repel Missiles                 Charms/Air                   2
   e - Slow                           Hexes                        2
   f - Conjure Flame                  Conjuration/Fire             3
   g - Mephitic Cloud                 Conjuration/Poison/Air       3
 K - a book of Conjurations

   Spells                             Type                      Level
   a - Magic Dart                     Conjuration                  1
   b - Searing Ray                    Conjuration                  2
   c - Dazzling Spray                 Conjuration/Hexes            3
   d - Fulminant Prism                Conjuration/Hexes            4
   e - Iskenderun's Mystic Blast      Conjuration                  4
   f - Iskenderun's Battlesphere      Conjuration/Charms           5
Comestibles
 c - 3 bread rations
 i - a slice of pizza
 j - 5 meat rations
 p - a beef jerky


   Skills:
 - Level 2.4 Dodging
 - Level 2.4 Stealth
 + Level 10.7 Spellcasting
 + Level 8.9 Conjurations
 + Level 9.3 Fire Magic


You had 9 spell levels left.
You knew the following spells:

 Your Spells              Type           Power        Failure   Level  Hunger
a - Flame Tongue          Conj/Fire      #####        1%          1    None
b - Throw Flame           Conj/Fire      ######       1%          2    None
c - Conjure Flame         Conj/Fire      ######..     1%          3    None
d - Sticky Flame          Conj/Fire      ######..     1%          4    None
e - Fireball              Conj/Fire      ######....   3%          5    ####...
f - Magic Dart            Conj           ####         1%          1    None
g - Blink                 Tloc           N/A          10%         2    None
h - Repel Missiles        Chrm/Air       ##....       10%         2    None


Dungeon Overview and Level Annotations

Branches:
Dungeon (7/15)             Temple (1/1) D:5

Altars:
Ashenzari
Cheibriados
Dithmenos
Elyvilon
Fedhas
Gozag
Hepliaklqana
Kikubaaqudgha
Makhleb
Nemelex Xobeh
Okawaru
Qazlal
Ru
Trog
Uskayaw
Vehumet
Zin
The Shining One

Shops:
D:4 [   D:5 }   D:6 *=[!}

Annotations:
D:4 Sigmund


Message History

The hog burns!
The hog burns!
The hog misses you.
The hog burns!
The hog stops burning.
Casting: Sticky Flame
Confirm with . or Enter, or press ? or * to list all spells.
Aiming: Sticky Flame
Press: ? - help, Shift-Dir - straight line, f - hog, p - hog
Aim: a hog The sticky flame hits the hog.
The hog is moderately wounded.
The hog is covered in liquid flames!
The hog burns!
The hog bites you!
* * * LOW HITPOINT WARNING * * *
The hog completely misses you.
Casting: Sticky Flame
Confirm with . or Enter, or press ? or * to list all spells.
You don't have enough magic to cast that spell.
The hog burns!
The hog bites you!
* * * LOW HITPOINT WARNING * * *
The hog bites you!
You die...

................####...####.....#
...####(..........##...####......
..## ##......#...........)......
..# #.(...#♣..................
..# #......#...............#..
..## ##......................#
...####..)......................
.............................#..#
.......[........@.#########....>#
..........##....hh# ######
..........#.......#
..................#
.....#............#
....#♣#...##......# #####
###.##......# # #.##......# #
#.##......#


You could see 2 hogs.

Vanquished Creatures
  Pikel (D:3)
  Grinder (D:5)
  2 hogs (D:7)
  A human (D:7)
  Eustachio (D:5)
  A water moccasin (D:7)
  Edmund (D:5)
  2 phantoms
  A slave (D:3)
  2 sky beasts
  An ice beast (D:6)
  3 ogres
  A centaur (D:6)
  A bullfrog (D:7)
  A water moccasin zombie (D:5)
  A wight (D:6)
  3 howler monkeys (D:5)
  2 crimson imps
  A quasit (D:7)
  2 hounds
  4 orc wizards
  An orc priest (D:4)
  3 iguanas
  Natasha (twice) (D:3)
  A siren (Sewer)
  A merfolk avatar (Sewer)
  8 gnolls
  14 adders
  A river rat (Sewer)
  3 oozes
  2 adder skeletons
  3 worms
  5 dart slugs
  7 leopard geckos
  21 orcs
  7 ball pythons
  11 bats
  13 giant cockroaches
  6 goblins
  6 hobgoblins
  6 jackals
  6 quokkas
  5 frilled lizards
  7 kobolds
  A quokka skeleton (D:6)
  35 rats
208 creatures vanquished.

Vanquished Creatures (others)
  A slave (D:4)
  A howler monkey (D:4)
  Natasha (D:3)
  A rat (D:3)
4 creatures vanquished.

Grand Total: 212 creatures vanquished

Notes
Turn   | Place    | Note
-------+----------+-------------------------------------------
     0 | D:1      | Naow the Deep Elf Fire Elementalist began the quest for the Orb.
     0 | D:1      | Reached XP level 1. HP: 10/10 MP: 6/6
   305 | D:1      | Reached XP level 2. HP: 15/15 MP: 5/8
   309 | D:1      | Learned a level 2 spell: Throw Flame
  1104 | D:1      | Reached XP level 3. HP: 19/19 MP: 7/10
  1341 | D:1      | Reached skill level 4 in Spellcasting
  1682 | D:2      | Found a shadowy altar of Dithmenos.
  2115 | D:2      | Reached XP level 4. HP: 24/24 MP: 8/12
  2238 | D:3      | Found a glowing drain.
  2354 | Sewer    | Entered a sewer
  2795 | Sewer    | Reached XP level 5. HP: 28/28 MP: 11/14
  2801 | Sewer    | Learned a level 3 spell: Conjure Flame
  2806 | Sewer    | Learned a level 4 spell: Sticky Flame
  2979 | Sewer    | Reached skill level 5 in Spellcasting
  3329 | D:3      | Reached skill level 5 in Fire Magic
  3591 | D:3      | Noticed Natasha
  3597 | D:3      | Reached XP level 6. HP: 32/32 MP: 6/16
  3601 | D:3      | Killed Natasha
  4080 | D:3      | Noticed Natasha
  4086 | D:4      | Noticed Pikel
  4086 | D:4      | Noticed a slave
  4086 | D:4      | Noticed a slave
  4086 | D:4      | Noticed a slave
  4086 | D:4      | Noticed a slave
  4104 | D:3      | Killed Natasha
  4701 | D:3      | Noticed Natasha
  4721 | D:3      | Killed Natasha
  4972 | D:3      | Reached skill level 6 in Spellcasting
  5414 | D:4      | Found Fuxu's Armour Boutique.
  5465 | D:4      | Reached XP level 7. HP: 36/36 MP: 14/18
  5580 | D:4      | Learned a level 5 spell: Fireball
  5870 | D:3      | Killed Pikel
  5870 | D:3      | Reached skill level 7 in Spellcasting
  5870 | D:3      | Reached skill level 5 in Conjurations
  5870 | D:3      | Reached XP level 8. HP: 24/41 MP: 4/21
  6040 | D:4      | Noticed Sigmund
  6049 | D:5      | Entered Level 5 of the Dungeon
  6380 | D:5      | Noticed Eustachio
  6390 | D:5      | Killed Eustachio
  6409 | D:5      | Reached skill level 8 in Spellcasting
  6569 | D:5      | Found Atuahi's Quality Used Wands.
  6580 | D:5      | Found a staircase to the Ecumenical Temple.
  6590 | Temple   | Entered the Ecumenical Temple
  6678 | Temple   | Became a worshipper of Vehumet
  7000 | D:4      | Got a fine silver ring
  7107 | D:4      | Identified the ring of Patt {rC- Int+5 Dex+5} (You found it on level 4 of the Dungeon)
  7277 | D:5      | Noticed Grinder
  7286 | D:5      | Killed Grinder
  7500 | D:5      | Learned a level 1 spell: Magic Dart
  7606 | D:5      | Learned a level 2 spell: Blink
  7609 | D:5      | Learned a level 2 spell: Repel Missiles
  7788 | D:5      | Reached skill level 9 in Spellcasting
  8029 | D:5      | Noticed Edmund
  8042 | D:5      | Killed Edmund
  8214 | D:6      | Found Jeapiacs's Jewellery Shoppe.
  8219 | D:6      | Reached XP level 9. HP: 45/45 MP: 14/24
  8541 | D:6      | Found Aneogih's Antique Armour Boutique.
  8554 | D:6      | Bought a runed cloak for 283 gold pieces
  8845 | D:6      | Found an opulent altar of Gozag.
  9172 | D:6      | Found Wybli's General Store.
  9313 | D:6      | Found Bainabox's Distillery.
  9315 | D:6      | Found Cikhego's Gadget Emporium.
  9692 | D:7      | Reached skill level 10 in Spellcasting
 10097 | D:7      | HP: 1/45 [hog (12)]
 10097 | D:7      | Mangled by a hog

Skill      XL: |  1  2  3  4  5  6  7  8  9 |
---------------+----------------------------+-----
Spellcasting   | 4 5 6 7 9 10 | 10.7
Fire Magic     | 4 5 6 8 9 |  9.3
Conjurations   | 2 3 4 5 7 8 |  8.9
Dodging        | |  2.4
Stealth        | |  2.4

Action                   |  1- 3 |  4- 6 |  7- 9 || total
-------------------------+-------+-------+-------++-------
Melee: Unarmed           |     5 |     1 |       ||     6
       Short sword       |       |       |    39 ||    39
 Cast: Flame Tongue      |    81 |   128 |   124 ||   333
       Throw Flame       |     2 |    55 |    40 ||    97
       Conjure Flame     |       |     3 |     2 ||     5
       Sticky Flame      |       |     2 |    23 ||    25
       Magic Dart        |       |       |    12 ||    12
       Fireball          |       |       |     1 ||     1
  Use: Potion            |       |     9 |       ||     9
  Eat: Chunk             |    10 |    17 |     9 ||    36
Armor: Robe              |     5 |     7 |    10 ||    22
Dodge: Dodged            |    26 |    31 |    65 ||   122
